 Dungeon Crawl Stone Soup version 0.30.0-29-ga12c61a403 (webtiles) character file.

Game seed: 9644583545963349454

46 Fecro the Sneak (level 3, 0/18 HPs)
             Began as a Spriggan Brigand on June 21, 2023.
             Succumbed to an adder's poison
             ... on level 2 of the Dungeon.
             The game lasted 00:02:22 (854 turns).

Fecro the Sneak (Spriggan Brigand)                   Turns: 854, Time: 00:02:23

Health: 0/18       AC:  3    Str:  7    XL:     3   Next: 44%
Magic:  4/4        EV: 16    Int: 12    God:
Gold:   44         SH:  0    Dex: 18    Spells: 2/2 levels left

rFire   . . .        a - +2 dagger
rCold   . . .        (no shield)
rNeg    . . .        b - +0 robe
rPois   .            (helmet restricted)
rElec   .            c - +0 cloak
rCorr   .            (gloves unavailable)
SInv    +            (boots unavailable)
Will    .....        (no amulet)
Stlth   ++++         (no ring)
HPRegen 0.23/turn    (no ring)
MPRegen 0.09/turn

%: no passive effects
@: lethally poisoned (0 -> -1), very quick
A: very small, no large weapons, unfitting armour, see invisible, speed 3
a: no special abilities


You were on level 2 of the Dungeon.
You visited 1 branch of the dungeon, and saw 2 of its levels.

You collected 44 gold pieces.

Inventory:

Hand Weapons
 a - a +2 dagger (weapon)
Missiles
 d - 9 poisoned darts (quivered)
 e - 3 curare-tipped darts
 f - 9 stones
 l - 3 boomerangs
Armour
 b - a +0 robe (worn)
 c - a +0 cloak (worn)
Scrolls
 g - a scroll of poison {unknown}
 i - a scroll of enchant weapon {unknown}
 m - a scroll of teleportation {unknown}
 n - a scroll of torment {unknown}
Potions
 h - a potion of mutation {unknown}
 j - a potion of cancellation {unknown}
 k - a potion of brilliance {unknown}
 o - 2 potions of ambrosia {unknown}


   Skills:
 + Level 1.8 Fighting
 + Level 2.3 Short Blades
 * Level 2.4 Throwing
 + Level 1.5 Dodging
 * Level 7.2 Stealth


You had 2 spell levels left.
You didn't know any spells.
Your spell library was empty.

Dungeon Overview and Level Annotations

Branches:
Dungeon (2/15)

Altars:


Innate Abilities, Weirdness & Mutations

You are very small and have problems with some larger weapons.
You are too small for most types of armour.
You have supernaturally acute eyesight. (SInv)
You cover ground extremely quickly. (Speed+++)


Message History

The adder is moderately wounded.
The adder misses you.
You hit the adder but do no damage.
The adder is moderately wounded.
The adder bites you.
You miss the adder.
The adder is moderately wounded.
The adder bites you.
You hit the adder.
The adder is almost dead.
The adder completely misses you. The adder bites you.
You are too injured to fight recklessly!
You are too injured to fight recklessly!
You are too injured to fight recklessly!
You are too injured to fight recklessly!
You are too injured to fight recklessly!
You are too injured to fight recklessly!
You hit the adder.
The adder is almost dead.
The adder bites you but does no damage.
You hit the adder.
The adder is almost dead.
The adder bites you.
You are too injured to fight recklessly!
There is a stone staircase leading up here.
There is a stone staircase leading up here.
You are too injured to fight recklessly!
The adder bites you.
* * * LOW HITPOINT WARNING * * *
You are lethally poisoned!
The adder poisons you!
* * * LOW HITPOINT WARNING * * *
You feel sick.
* * * LOW HITPOINT WARNING * * *
You feel sick.
* * * LOW HITPOINT WARNING * * *
You feel sick.
* * * LOW HITPOINT WARNING * * *
You feel sick.
You die...

#.........# #
#.........#
...########....#### #
#..............# ..
.)####[..##.####
............##.####
.....####.........#
.....## #.........#
.......##.@.......#####
#)...............#
####.S.......#####
#.........######
#........).†...#
#.........####[#
#.....<...# ..
#.........# ...
#..######### ..


You could see an adder.

Vanquished Creatures
  8 ball pythons (D:1)
  2 endoplasms
  A giant cockroach (D:1)
  3 goblins
  6 hobgoblins
  3 jackals (D:1)
  4 kobolds
  4 quokkas
  3 bats (D:1)
  4 frilled lizards
  2 rats (D:1)
40 creatures vanquished.

Notes
Turn   | Place    | Note
-------+----------+-------------------------------------------
     0 | D:1      | Fecro the Spriggan Brigand began the quest for the Orb.
     0 | D:1      | Reached XP level 1. HP: 10/10 MP: 2/2
    23 | D:1      | Reached skill level 6 in Stealth
    55 | D:1      | Reached XP level 2. HP: 6/14 MP: 3/3
   505 | D:1      | Reached XP level 3. HP: 18/18 MP: 4/4
   521 | D:1      | Reached skill level 7 in Stealth
   854 | D:2      | Succumbed to an adder's poison

Illustrated notes

Levels and vault maps discovered:
D:1:      heliophobic_arrival_ceremonial_halls, layout_rooms
D:2:      layout_rooms, uniq_sigmund

Skill      XL: |  1  2  3 |
---------------+----------+-----
Stealth        | 6 7 |  7.2
Fighting       | |  1.8
Short Blades   | |  2.3
Throwing       | |  2.4
Dodging        | |  1.5

Action                     || total
---------------------------++-------
  Melee: Dagger            ||   121
         Punch             ||     2
   Stab: Sleeping          ||     7
         Distracted        ||     1
 Armour: Robe              ||    16
  Dodge: Dodged            ||    86
